 Dungeon Crawl Stone Soup version 0.29-a0-551-gffc1d7fb78 (webtiles) character file.

Game seed: 17042176205828021052

61 dolemite99 the Cudgeller (level 4, -3/26 HPs)
             Began as a Gargoyle Gladiator on June 6, 2022.
             Was a Follower of Fedhas.
             Killed by divine providence
             ... invoked by an orc priest
              (14 damage)
             ... on level 3 of the Dungeon.
             The game lasted 00:02:30 (2878 turns).

dolemite99 the Cudgeller (Gargoyle Gladiator)       Turns: 2878, Time: 00:02:30

Health: -3/26      AC:  8    Str: 20    XL:     4   Next: 7%
Magic:  4/4        EV: 12    Int:  8    God:    Fedhas [*.....]
Gold:   146        SH:  0    Dex: 11    Spells: 3/3 levels left

rFire   . . .      SeeInvis .   a - +0 flail
rCold   . . .      Faith    .   (no shield)
rNeg    + . .      Spirit   .   j - +0 leather armour
rPois   ∞          Reflect  .   c - +1 helmet
rElec   +          Harm     .   (no cloak)
rCorr   .          Rampage  .   (no gloves)
Will    .....                   (no boots)
Stlth   +.........              (no amulet)
HPRegen 0.08/turn               (no ring)
MPRegen 0.09/turn               (no ring)

@: no status effects
A: sickness immunity, AC +3, negative energy resistance 1, electricity
resistance, torment resistance 1, petrification resistance
a: Renounce Religion


You were on level 3 of the Dungeon.
You worshipped Fedhas.
Fedhas was aware of your devotion.
You visited 1 branch of the dungeon, and saw 3 of its levels.

You collected 146 gold pieces.

Inventory:

Hand Weapons
 a - a +0 flail (weapon)
 b - a +0 hunting sling
 s - a +0 hunting sling
Missiles
 d - 2 throwing nets (quivered)
 e - 3 javelins
 i - 9 poisoned darts
Armour
 c - a +1 helmet (worn)
 j - a +0 leather armour (worn)
Jewellery
 m - a ring of ice
Scrolls
 g - a scroll of enchant armour
 h - a scroll of vulnerability
Potions
 f - a potion of magic {unknown}
 k - 2 potions of heal wounds {unknown}
 l - a potion of attraction {unknown}
 n - 2 potions of curing {unknown}
 o - 2 potions of berserk rage {unknown}
 p - 3 potions of mutation {unknown}
 t - a potion of might {unknown}


   Skills:
 - Level 2.1 Fighting
 + Level 4.8 Maces & Flails
 - Level 1.7 Throwing
 - Level 2.4 Dodging


You had 3 spell levels left.
You didn't know any spells.
Your spell library contained the following spells:

 Spells                   Type           Power      Damage    Failure   Level
 Inner Flame              Hex/Fire       0%         N/A       83%         3
 Cause Fear               Hex            0%         N/A       99%         4
 Discord                  Hex            0%         N/A       100%        8


Dungeon Overview and Level Annotations

Branches:
Dungeon (3/15)

Altars:
Fedhas
Wu Jian


Innate Abilities, Weirdness & Mutations

You are immune to sickness and miasma.
Your stone body is resilient. (AC +3)
You are immune to poison.
You resist negative energy. (rN+)
You are resistant to electric shocks. (rElec)
You are resistant to unholy torment.
You are immune to petrification.


Message History

A hobgoblin is nearby!
A hobgoblin is nearby!
You hit the hobgoblin but do no damage. The hobgoblin closely misses you.
You sock the hobgoblin!
You kill the hobgoblin!
Fedhas appreciates your contribution to the ecosystem.
No target in view!
No target in view!
You now have 146 gold pieces (gained 5).
Found a stone staircase leading down.
Found a hunting sling.
n - 2 inky potions (gained 1)
Found a helmet.
An orc priest comes into view. It is wielding a +0 hand axe.
The orc priest shouts!
You hear a shout! x2
You start waiting.
An orc priest is nearby!
The orc priest invokes the aid of Beogh against you.
Pain shoots through your body!
Throw: 3 throwing nets
Press: ? - help, Shift-Dir - straight line, f - orc priest
Aim: an orc priest, wielding a +0 hand axe (56% to hit)
You throw a throwing net.
The throwing net barely misses the orc priest.
The orc priest completely misses you.
You barely miss the orc priest.
The orc priest hits you with a +0 hand axe.
You barely miss the orc priest.
The orc priest invokes the aid of Beogh against you.
Beogh smites you!
You hit the orc priest.
The orc priest is heavily wounded.
The orc priest hits you but does no damage.
You closely miss the orc priest.
The orc priest is heavily wounded.
The orc priest calls down the wrath of Beogh upon you.
Beogh smites you!
Ouch! That really hurt!
You die...
Fedhas appreciates your contribution to the ecosystem.

...##........#
#.#
##.##........#
##.#
......##.#####
#..# .....
.#..####.# #.##
o.... #..# #.#
#.# ...... #..##
#.. #.# ......
#...# #.
#.##....
##.#...# #.#...
#..###..# ##@#.#
#.## #.# #..o.#
#.# .#
#......###
#.####
#...###.[# ..#..
.. #.##
.##.###.#.. ..
.##........ ...
.#......... ....
................


You could see an orc priest.

Vanquished Creatures
  An adder (D:2)
  A worm (D:2)
  2 dart slugs (D:1)
  5 bats
  3 endoplasms
  4 giant cockroaches
  4 goblins
  3 hobgoblins
  2 jackals (D:1)
  2 quokkas (D:1)
  A ball python (D:2)
  7 frilled lizards
  4 kobolds
  3 rats (D:1)
42 creatures vanquished.

Notes
Turn   | Place    | Note
-------+----------+-------------------------------------------
     0 | D:1      | dolemite99 the Gargoyle Gladiator began the quest for the
                  | Orb.
     0 | D:1      | Reached XP level 1. HP: 12/12 MP: 1/1
   260 | D:1      | You fall into a shaft and drop 1 floor!
   352 | D:1      | Reached XP level 2. HP: 16/17 MP: 2/2
   806 | D:1      | Reached skill level 4 in Maces & Flails
  1015 | D:1      | Reached XP level 3. HP: 21/21 MP: 3/3
  1496 | D:2      | Found an ornate altar of the Wu Jian Council.
  1823 | D:2      | Reached XP level 4. HP: 14/26 MP: 4/4
  2236 | D:2      | Found a faded altar of an unknown god.
  2253 | D:2      | Prayed at the altar of an unknown god.
  2253 | D:2      | Became a worshipper of Fedhas Madash
  2253 | D:2      | Reached * piety under Fedhas
  2878 | D:3      | Killed from afar by an orc priest

Illustrated notes

Levels and vault maps discovered:
D:1:      amcnicky_arrival_gap_in_the_tavern_cellar, layout_loops_corners
D:2:      layout_basic, ebering_ecumenical_altar_rust, basic_altar
D:3:      layout_rooms

Skill      XL: |  1  2 |
---------------+-------+-----
Maces & Flails | 4 |  4.8
Fighting       | |  2.1
Throwing       | |  1.7
Dodging        | |  2.4

Action                   |  1- 3 |  4- 6 || total
-------------------------+-------+-------++-------
Melee: Flail             |    91 |    10 ||   101
 Fire: Hunting sling     |    34 |       ||    34
Throw: Throwing net      |       |     1 ||     1
  Use: Scroll            |       |     8 ||     8
Armor: Leather armour    |    57 |     5 ||    62
Dodge: Dodged            |    81 |     6 ||    87

Table legend: (Time is in decaauts)
 A = Elapsed time spent in this place.
 B = Non-inter-level travel time spent in this place.
 C = Inter-level travel time spent in this place.
 D = Time resting spent in this place.
 E = Time spent auto-exploring this place.
 F = Levels seen in this place.
 G = Mean time per level.
                   A        B        C        D        E       F      G
               +--------+--------+--------+--------+--------+-----+--------+
         Total |   2908 |   2832 |     76 |    802 |   1525 |   3 |  969.3 |
       Dungeon |   2908 |   2832 |     76 |    802 |   1525 |   3 |  969.3 |
               +--------+--------+--------+--------+--------+-----+--------+

Top non-repeatable levels by time:
     D:1: 1376 daAuts
     D:2: 1118 daAuts
     D:3: 413 daAuts
